 Dungeon Crawl Stone Soup version 0.27.1-2-g3b301248ec (webtiles) character file.

Game seed: 13760638563299459452

181 pkoi the Slasher (level 5, -11/45 HPs)
             Began as a Minotaur Fighter on Sept 30, 2021.
             Mangled by an ogre (26 damage)
             ... on level 4 of the Dungeon.
             The game lasted 00:03:50 (2781 turns).

pkoi the Slasher (Minotaur Fighter)                 Turns: 2781, Time: 00:03:51

Health: -11/45     AC:  6    Str: 22    XL:     5   Next: 34%
Magic:  4/4        EV:  7    Int:  5    God:
Gold:   93         SH: 10    Dex:  9    Spells: 4/4 levels left

rFire    . . .     SeeInvis +   a - +1 long sword (freeze)
rCold    . . .     Faith    .   c - +0 kite shield
rNeg     + . .     Spirit   .   b - +0 scale mail
rPois    .         Reflect  .   (helmet restricted)
rElec    .         Harm     .   (no cloak)
rCorr    .         Rampage  .   (no gloves)
Will     .....                  (no boots)
Stlth    ..........             (no amulet)
HPRegen  0.15/turn              e - ring of positive energy
MPRegen  0.09/turn              j - ring of see invisible

@: mighty
A: horns 2, retaliatory headbutt
a: no special abilities


You were on level 4 of the Dungeon.
You visited 1 branch of the dungeon, and saw 4 of its levels.

You collected 93 gold pieces.

Inventory:

Hand Weapons
 a - a +1 long sword of freezing (weapon)
 h - a +0 dagger of venom
Missiles
 l - 6 poisoned darts (quivered)
Armour
 b - a +0 scale mail (worn)
 c - a +0 kite shield (worn)
Jewellery
 e - a ring of positive energy (left hand)
 j - a ring of see invisible (right hand)
Wands
 m - a wand of iceblast (4)
Scrolls
 g - a scroll of vulnerability
 i - a scroll of magic mapping
 k - a scroll of identify
Potions
 f - 2 potions of heal wounds


   Skills:
 - Level 3.6 Fighting
 * Level 5.8 Long Blades
 - Level 3.6 Armour
 + Level 5.1 Shields


You had 4 spell levels left.
You didn't know any spells.
Your spell library was empty.

Dungeon Overview and Level Annotations

Branches:
Dungeon (4/15)
 Temple: D:4-7

Altars:
Trog


Innate Abilities, Weirdness & Mutations

You have a pair of horns on your head.
You reflexively headbutt those who attack you in melee.


Message History

You miss the adder. The adder bites you.
You are poisoned.
The adder poisons you! You block the adder's attack.
You hit the adder.
The adder seems to slow down.
You freeze the adder.
The adder is heavily wounded.
You feel very sick. You block the adder's attack. You block the orc's attack.
You closely miss the adder.
The adder is heavily wounded.
You feel sick. You block the hound's attack. The adder closely misses you.
You riposte.
You hit the adder. You freeze the adder.
You kill the adder!
The orc barely misses you. The hound bites you but does no damage.
You closely miss the hound.
You feel sick. The hound bites you but does no damage.
The orc hits you but does no damage. You block the hound's attack.
Sorry, you're not good enough to have a special ability.
You feel very mighty all of a sudden.
You feel sick. You block the orc's attack. You block the hound's attack.
The ogre hits you with a +0 giant club!!
* * * LOW HITPOINT WARNING * * *
You barely miss the ogre.
You feel sick.
You are no longer poisoned.
You block the hound's attack. The orc hits you with a +0 club.
* * * LOW HITPOINT WARNING * * *
The hound bites you but does no damage. The ogre barely misses you.
You furiously retaliate!
You headbutt the ogre! The orc hits you but does no damage.
You closely miss the ogre.
The ogre is heavily wounded.
The hound bites you but does no damage. You block the hound's attack.
You block the orc's attack. The ogre completely misses you.
Unknown command.
Your shield and scale mail prevent you from hitting the ogre.
The ogre is heavily wounded.
The hound bites you but does no damage. The orc closely misses you.
You block the hound's attack.
The ogre hits you with a +0 giant club!!
Ouch! That really hurt!
You die...

########
#......#
#..†...#
#.@....#
#hoO...#
#......#
#.........
#.......#.
#.......#
^....##...
...... ...
.....##


You could see an ogre, a hound and an orc.

Vanquished Creatures
  Ijyb (D:3)
  A hound zombie (D:3)
  A hound skeleton (D:3)
  5 adders
  2 adder zombies (D:3)
  A worm (D:2)
  A dart slug (D:2)
  3 orcs (D:3)
  9 endoplasms
  6 goblins
  3 hobgoblins
  5 jackals
  5 quokkas
  2 ball pythons
  6 bats
  4 frilled lizards
  5 kobolds
  A quokka skeleton (D:3)
  3 rats
64 creatures vanquished.

Vanquished Creatures (collateral kills)
  2 kobolds (D:1)
2 creatures vanquished.

Vanquished Creatures (others)
  A withered plant (D:3)
1 creature vanquished.

Grand Total: 67 creatures vanquished

Notes
Turn   | Place    | Note
-------+----------+-------------------------------------------
     0 | D:1      | pkoi the Minotaur Fighter began the quest for the Orb.
     0 | D:1      | Reached XP level 1. HP: 19/19 MP: 0/0
   317 | D:1      | Reached XP level 2. HP: 26/26 MP: 1/1
  1211 | D:2      | Reached XP level 3. HP: 27/31 MP: 2/2
  1411 | D:2      | Reached XP level 4. HP: 38/39 MP: 3/3
  1441 | D:2      | Found a faded altar of an unknown god.
  2243 | D:3      | Noticed Ijyb
  2251 | D:3      | Killed Ijyb
  2252 | D:3      | Reached skill level 5 in Long Blades
  2395 | D:3      | Reached XP level 5. HP: 31/45 MP: 4/4
  2636 | D:3      | Reached skill level 5 in Shields
  2672 | D:3      | Found a bloodstained altar of Trog.
  2772 | D:4      | Noticed an ogre
  2781 | D:4      | Mangled by an ogre

Illustrated notes

Levels and vault maps discovered:
D:1:      psy_arrival_dodecagon, layout_loops_corners
D:2:      layout_basic, shapermc_ecumenical_altar_starsandcircs
D:3:      layout_loops_ring, trog_butcher_becter, serial_undead,
          serial_undead_c, serial_undead_f, serial_undead_a, serial_undead_e,
          uniq_ijyb
D:4:      minmay_general_purpose_star, layout_rooms, marbit_many_paths,
          temple_doors_e, hangedman_glass_teeth, uniq_menkaure

Skill      XL: |  1  2  3  4  5 |
---------------+----------------+-----
Long Blades    | 3 4 5 |  5.8
Shields        | 4 5 |  5.1
Fighting       | |  3.6
Armour         | |  3.6

Action                   |  1- 3 |  4- 6 || total
-------------------------+-------+-------++-------
Melee: Long sword        |    66 |    76 ||   142
       Headbutt          |     7 |     7 ||    14
  Use: Scroll            |     2 |     6 ||     8
       Potion            |       |     1 ||     1
Armor: Scale mail        |    23 |    36 ||    59
Dodge: Dodged            |    18 |    27 ||    45
Block: Kite shield       |    27 |    44 ||    71
       Rpst.: Long sword |     5 |     7 ||    12
